 Dungeon Crawl Stone Soup version 0.28-a0-1555-g9ae15a6949 (webtiles) character file.

Game seed: 6139543899325009754

93 ytrimaz the Skirmisher (level 4, 37/37 HPs)
             Began as a Demonspawn Berserker on Jan 18, 2022.
             Was a Believer of Trog.
             Quit the game on level 3 of the Dungeon.
             The game lasted 00:01:59 (2448 turns).

ytrimaz the Skirmisher (Demonspawn Berserker)       Turns: 2448, Time: 00:02:00

Health: 37/37      AC:  3    Str: 19    XL:     4   Next: 36%
Magic:  4/4        EV: 27    Int:  9    God:    Trog [**....]
Gold:   77         SH:  0    Dex: 12    Spells: 3/3 levels left

rFire   . . .      SeeInvis .   b - +0 short sword (venom)
rCold   . . .      Faith    .   (no shield)
rNeg    . . .      Spirit   .   d - +0 leather armour
rPois   .          Reflect  .   (no helmet)
rElec   .          Harm     .   (no cloak)
rCorr   .          Rampage  .   (no gloves)
Will    .....                   (no boots)
Stlth   +.........              k - amulet of the acrobat
HPRegen 0.12/turn               (no ring)
MPRegen 0.09/turn               (no ring)

@: acrobatic
A: foul stench 2, demonic magic 1
a: Renounce Religion, Berserk, Trog's Hand


You were on level 3 of the Dungeon.
You worshipped Trog.
Trog was pleased with you.
You visited 1 branch of the dungeon, and saw 3 of its levels.

You collected 77 gold pieces.

Inventory:

Hand Weapons
 a - a +0 mace
 b - a +0 short sword of venom (weapon)
Missiles
 g - a throwing net (quivered)
Armour
 d - a +0 leather armour (worn)
Jewellery
 k - an amulet of the acrobat (around neck)
Wands
 i - a wand of iceblast (2)
Scrolls
 e - a scroll of blinking
 l - 2 scrolls of teleportation
Potions
 c - 2 potions of might
 f - 2 potions of magic {unknown}
 h - a potion of brilliance {unknown}
 j - a potion of ambrosia {unknown}
 m - a potion of heal wounds {unknown}


   Skills:
 * Level 3.9 Fighting
 * Level 1.7 Short Blades
 - Level 2.7 Maces & Flails
 * Level 2.2 Armour
 * Level 2.4 Dodging


You had 3 spell levels left.
You didn't know any spells.
Your spell library was empty.

Dungeon Overview and Level Annotations

Branches:
Dungeon (3/15)

Altars:

Shops:
D:3 [=?


Innate Abilities, Weirdness & Mutations

You sometimes emit foul miasma when damaged in melee.
Spells you cast may paralyse adjacent enemies.


Message History

A hound comes into view.
The hound barks!
A hound is nearby!
A hound is nearby!
A hound is nearby!
Found 11 gold pieces.
The hound completely misses you.
You miss the hound. Your punch misses the hound. The hound bites you.
You closely miss the hound. The hound barely misses you. x2
You miss the hound. The hound bites you.
You hit the hound.
The hound is poisoned.
The hound is lightly wounded.
The hound bites you. x2
You closely miss the hound.
The hound is lightly wounded.
The hound barely misses you.
You barely miss the hound.
The hound is lightly wounded.
The hound bites you.
You emit a cloud of foul miasma!
The hound is engulfed in dark miasma.
The hound looks even sicker.
The hound barely misses you.
You hit the hound.
The hound looks as sick as possible!
The hound is almost dead.
The hound is engulfed in dark miasma.
The hound looks as sick as possible!
You kill the hound!
Trog accepts your kill.
You have reached level 4!
You feel clever.
Your demonic ancestry asserts itself...
A menacing aura infuses your magic.
You see here a hound corpse.
Key pressed, stopping explore.
Unknown command.
You now have 66 gold pieces (gained 6).
You see here a hound corpse.
You now have 77 gold pieces (gained 11).
Found Pacedo's Antique Armour Shoppe.
Found a stone staircase leading down.
You open the door.
There is an open door here.
There is an entrance to Pacedo's Antique Armour Shoppe here.
Are you sure you want to abandon this character and quit the game? (Confirm with "yes".)

.....##............# #......
##.................###..#...
........................##..
................#......####.
..##'#..........#...........
. #......#'##.......)......
#....#.≈.#....#..........
.......#≈≈.####.#.#.#.#####
####...'..@..+..#.#...#####
##..###.≈≈#..†..........
#.>. #.≈#.#.#.######### ....
#+##.............. ..
#.#...#.#.#....
....<........... ...
....#.#.#...#
##.##............. #.
#.#+.#.#.#...#


There were no monsters in sight!

Vanquished Creatures
  A hound (D:3)
  An adder (D:2)
  An adder skeleton (D:3)
  2 dart slugs
  A worm (D:2)
  An orc (D:3)
  3 ball pythons (D:2)
  6 bats
  6 endoplasms
  2 giant cockroaches
  A goblin (D:1)
  4 hobgoblins
  3 quokkas
  5 frilled lizards
  4 kobolds
  A rat (D:1)
42 creatures vanquished.

Vanquished Creatures (others)
  A plant (D:1)
1 creature vanquished.

Grand Total: 43 creatures vanquished

Notes
Turn   | Place    | Note
-------+----------+-------------------------------------------
     0 | D:1      | ytrimaz the Demonspawn Berserker began the quest for the
                  | Orb.
     0 | D:1      | Reached XP level 1. HP: 18/18 MP: 1/1
   254 | D:1      | Gained mutation: You may rarely emit foul miasma when
                  | damaged in melee. [demonic ancestry]
   254 | D:1      | Reached XP level 2. HP: 11/24 MP: 2/2
   510 | D:1      | Found a faded altar of an unknown god.
  1177 | D:2      | Gained mutation: You sometimes emit foul miasma when
                  | damaged in melee. [demonic ancestry]
  1177 | D:2      | Reached XP level 3. HP: 24/29 MP: 3/3
  1304 | D:2      | Reached ** piety under Trog
  1305 | D:2      | Reached skill level 1 in Short Blades
  1789 | D:3      | Found Ystyoj's Jewellery Shop.
  2031 | D:3      | Found Pueppos's Magic Scroll Shoppe.
  2280 | D:3      | Gained mutation: Spells you cast may paralyse adjacent
                  | enemies. [demonic ancestry]
  2280 | D:3      | Reached XP level 4. HP: 21/37 MP: 4/4
  2437 | D:3      | Found Pacedo's Antique Armour Shoppe.
  2448 | D:3      | Quit the game

Illustrated notes

Levels and vault maps discovered:
D:1:      giann_forest_graveyard, layout_loops_ring,
          shapermc_ecumenical_altar_gd
D:2:      layout_rooms
D:3:      cheibrodos_pilgrimage, layout_basic, serial_glass, glass_columns_b,
          glass_columns_a, serial_shops, nicolae_shop_stone, shop,
          nicolae_shop_hallway_plus, nicolae_shop_waterfront, shop,
          moated_statue, nicolae_figureground_sparkle

Skill      XL: |  1  2  3 |
---------------+----------+-----
Dodging        | 2 |  2.4
Armour         | 2 |  2.2
Short Blades   | 1 |  1.7
Fighting       | |  3.9
Maces & Flails | |  2.7

Action                   |  1- 3 |  4- 6 || total
-------------------------+-------+-------++-------
Melee: Short sword       |   113 |       ||   113
       Mace              |     3 |       ||     3
  Use: Scroll            |     3 |       ||     3
Armor: Leather armour    |    36 |       ||    36
Dodge: Dodged            |    79 |       ||    79

Table legend: (Time is in decaauts)
 A = Elapsed time spent in this place.
 B = Non-inter-level travel time spent in this place.
 C = Inter-level travel time spent in this place.
 D = Time resting spent in this place.
 E = Time spent auto-exploring this place.
 F = Levels seen in this place.
 G = Mean time per level.
                   A        B        C        D        E       F      G
               +--------+--------+--------+--------+--------+-----+--------+
         Total |   2454 |   2416 |     38 |      0 |   2092 |   3 |  818.0 |
       Dungeon |   2454 |   2416 |     38 |      0 |   2092 |   3 |  818.0 |
               +--------+--------+--------+--------+--------+-----+--------+

Top non-repeatable levels by time:
     D:1: 1018 daAuts
     D:2: 768 daAuts
     D:3: 667 daAuts
